 Dungeon Crawl Stone Soup version 0.25.1-2-g60ff931df9 (webtiles) character file.

Game seed: 15589014719403185117

159 gruber the Ruffian (level 5, 0/40 HPs)
             Began as a Draconian Transmuter on Oct 4, 2020.
             Slain by an orc wizard
             ... wielding a +0 dagger
              (1 damage)
             ... on level 4 of the Dungeon.
             The game lasted 00:02:49 (4051 turns).

gruber the Ruffian (Draconian Transmuter)           Turns: 4051, Time: 00:02:49

Health: 0/40       AC:  5    Str: 12    XL:     5   Next: 17%
Magic:  2/8        EV: 12    Int: 15    God:
Gold:   190        SH:  0    Dex: 11    Spells: 2/8 levels left

rFire    . . .     SeeInvis .     - Unarmed
rCold    . . .     Gourm    .   (no shield)
rNeg     . . .     Faith    .   (armour unavailable)
rPois    .         Spirit   .   (helmet restricted)
rElec    .         Reflect  .   (no cloak)
rCorr    .         Harm     .   (no gloves)
MR       .....                  (no boots)
Stlth    +.........             (no amulet)
HPRegen  0.13/turn              (no ring)
MPRegen  0.11/turn              (no ring)

@: lethally poisoned (0 -> -1), appendage (expiring), very slightly contaminated
A: unfitting armour, horns 2, cold-blooded, AC +5
a: End Transformation


You were on level 4 of the Dungeon.
You were hungry.
You had grown temporary horns.
You visited 1 branch of the dungeon, and saw 4 of its levels.

You collected 190 gold pieces.

Inventory:

Missiles
 a - 12 arrows
Armour
 n - a scarf of harm
Scrolls
 b - 2 scrolls of fog
 e - 3 scrolls of identify
 j - a scroll of amnesia {unknown}
 l - a scroll of enchant weapon {unknown}
 m - a scroll of magic mapping {unknown}
 p - a scroll of teleportation {unknown}
 q - a scroll of enchant armour {unknown}
Potions
 d - 4 potions of curing
 i - 2 potions of haste
 k - a potion of stabbing
Comestibles
 c - 3 rations


   Skills:
 - Level 1.1 Fighting
 - Level 1.7 Dodging
 + Level 5.5 Unarmed Combat
 - Level 2.0 Spellcasting
 + Level 2.7 Transmutations


You had 2 spell levels left.
You knew the following spells:

 Your Spells              Type           Power        Failure   Level  Hunger
a - Beastly Appendage     Tmut           #.....       7%          1    #......
b - Sticks to Snakes      Tmut           #.......     11%         2    ###....
c - Spider Form           Tmut/Pois      #.........   36%         3    ###....

Your spell library contained the following spells:

 Spells                   Type           Power        Failure   Level  Hunger
 Ice Form                 Ice/Tmut       #.......     77%         4    #####..
 Blade Hands              Tmut           #.........   89%         5    ######.


Dungeon Overview and Level Annotations

Branches:
Dungeon (4/15)
 Temple: D:4-7

Altars:
Ashenzari
Dithmenos
Elyvilon


Innate Abilities, Weirdness & Mutations

Your plain brown scales are hard. (AC +5)
You cannot fit into any form of body armour.
You are cold-blooded and may be slowed by cold attacks.
You have a pair of horns on your head.


Message History

A puff of frost appears from out of thin air!
The puff of frost misses you. The orc hits you with a +0 flail.
You hear some strange, mumbled words.
A puff of flame appears from out of thin air!
The puff of flame hits you.
* * * LOW HITPOINT WARNING * * *
You aren't carrying any items that you can evoke.
You miss something.
Your transformation is almost over.
The orc hits you with a +0 flail!
* * * LOW HITPOINT WARNING * * *
Something hits you.
* * * LOW HITPOINT WARNING * * *
You miss something. Something hits you but does no damage.
The orc barely misses you.
You barely miss something.
Your tail-slap misses something.
Your punch misses something.
* * * LOW HITPOINT WARNING * * *
You feel sick. Something hits you.
You die...

##########
#.........
+.........
#.........
#.@{.Z....
#..o......
#..######.
###..###
#......#
#......#
#......#
##.....#
##.....#
$.


You could see an orc and a quokka skeleton.

Vanquished Creatures
  A worker ant (D:4)
  6 adders
  4 oozes (D:1)
  A dart slug (D:1)
  3 leopard geckos
  2 orcs
  A giant cockroach (D:2)
  3 goblins
  6 hobgoblins
  3 jackals (D:1)
  4 quokkas
  2 ball pythons
  8 bats
  3 frilled lizards
  7 kobolds
  8 rats
62 creatures vanquished.

Notes
Turn   | Place    | Note
-------+----------+-------------------------------------------
     0 | D:1      | gruber the Draconian Transmuter began the quest for the
                  | Orb.
     0 | D:1      | Reached XP level 1. HP: 16/16 MP: 3/3
    82 | D:1      | Reached XP level 2. HP: 14/23 MP: 1/5
   711 | D:1      | Reached skill level 4 in Unarmed Combat
   711 | D:1      | Reached XP level 3. HP: 28/28 MP: 6/6
   866 | D:1      | Learned a level 2 spell: Sticks to Snakes
   870 | D:1      | Learned a level 3 spell: Spider Form
  1498 | D:2      | Found a white marble altar of Elyvilon.
  1793 | D:2      | Reached XP level 4. HP: 27/35 MP: 2/7
  1928 | D:2      | Found a shattered altar of Ashenzari.
  2448 | D:2      | Reached skill level 5 in Unarmed Combat
  2753 | D:3      | Found a shadowy altar of Dithmenos.
  3892 | D:4      | Reached XP level 5. HP: 26/40 MP: 4/8
  4049 | D:4      | HP: 2/40 [something (3)]
  4051 | D:4      | Slain by an orc wizard

Illustrated notes

Levels and vault maps discovered:
D:1:      onia_arrival_handbag, layout_basic
D:2:      layout_basic, ashenzari_altar_1, kennysheep_big_empty_room,
          elyvilon_altar_5
D:3:      layout_basic, nicolae_dithmenos_shadow_blocks
D:4:      layout_gridville, nicolae_ossuary_entry_giza, first_ration,
          okawaru_gym_becter

Skill      XL: |  1  2  3  4 |
---------------+-------------+-----
Unarmed Combat | 4 5 |  5.5
Fighting       | |  1.1
Dodging        | |  1.7
Spellcasting   | |  2.0
Transmutations | |  2.7

Action                   |  1- 3 |  4- 6 || total
-------------------------+-------+-------++-------
Melee: Unarmed           |   167 |    69 ||   236
       Kick              |     5 |     1 ||     6
       Tailslap          |    12 |     4 ||    16
       Punch             |     2 |       ||     2
       Headbutt          |       |     2 ||     2
 Cast: Beastly Appendage |     5 |     5 ||    10
       Spider Form       |     1 |     1 ||     2
  Use: Scroll            |       |     6 ||     6
 Stab: Sleeping          |     3 |     1 ||     4
  Eat: Chunk             |     3 |     7 ||    10
Armor: Skin              |    51 |    17 ||    68
Dodge: Dodged            |   118 |    41 ||   159
